AoeStats
← ILoveMonks

Lombardia

508659532Analyzed
2v2 RM · 8d ago on Sep 23, 2026· 44m 29s· 4 players
Game mode
Random Map
Map size
Medium (4 player)
Population
200
Speed
Normal
Resources
Standard
Victory
Conquest
Starting age
Dark Age
Ending age
Imperial Age
RankedLock teamsTeams togetherTeam positionsShared explorationLock speedFull tech treeHidden civsTurbo modeCheats
Victory
Defeat
🇩🇪 Lithuanians · Germany
1279
+25
🇩🇪 Danes · Germany
1020
+23
🇨🇳 Gurjaras · China
1199
-18
🇨🇳 Celts · China
1198
-18
ILoveMonks
6:44 Loom
8:30 Feudal Age
9:31 Double-Bit Axe
12:37 Forging
18:57 Horse Collar
22:39 Castle Age
21:01 Scale Barding Armor
21:47 Bloodlines
22:43 Light Cavalry
23:44 Chain Barding Armor
24:35 Bow Saw
25:59 Heavy Plow
31:01 Wheelbarrow
30:19 Gold Mining
31:24 Stone Mining
33:23 Iron Casting
34:03 Stone Shaft Mining
33:44 Hand Cart
33:15 Town Watch
38:33 Imperial Age
37:01 Fletching
37:33 Ballistics
37:29 Husbandry
37:37 Bodkin Arrow
39:50 Plate Barding Armor
39:16 Scale Mail Armor
38:45 Pikeman
39:35 Bracer
40:39 Chemistry
39:49 Fortified Wall
39:51 Masonry
40:28 Chain Mail Armor
39:34 Halberdier
40:51 Town Patrol
41:10 Murder Holes
41:58 Coinage
42:41 Squires
42:46 Tower Shields
43:07 Conscription
42:50 Hill Forts
42:10 Elite Leitis
43:37 Hoardings
43:44 Arson
MaselDMonkey
8:47 Loom
11:14 Feudal Age
12:35 Man-at-Arms
15:39 Scale Mail Armor
28:01 Castle Age
28:29 Arson
30:41 Bloodlines
30:31 Husbandry
29:52 Light Cavalry
30:35 Fletching
30:45 Padded Archer Armor
31:15 Elite Skirmisher
32:02 Double-Bit Axe
33:19 Bow Saw
36:00 Thumb Ring
37:01 Leather Archer Armor
36:42 Bodkin Arrow
36:59 Forging
36:54 Scale Barding Armor
37:18 Horse Collar
37:33 Gold Mining
37:35 Stone Mining
43:29 Imperial Age
42:36 Wheelbarrow
41:56 Gambesons
42:11 Squires
43:26 Chain Mail Armor
474269844
6:23 Loom
9:34 Feudal Age
9:55 Man-at-Arms
13:19 Double-Bit Axe
13:17 Horse Collar
24:26 Castle Age
24:50 Fletching
25:34 Bow Saw
26:07 Padded Archer Armor
32:24 Crossbowman
34:22 Bodkin Arrow
43:52 Imperial Age
41:49 Pikeman
qwert12356
2:19 Loom
9:42 Feudal Age
15:50 Castle Age
15:59 Double-Bit Axe
15:55 Horse Collar
27:21 Bloodlines
31:54 Wheelbarrow
33:51 Hand Cart
36:15 Imperial Age
34:34 Scale Barding Armor
34:40 Forging
37:30 Chain Barding Armor
36:32 Heavy Camel Rider
38:16 Iron Casting
38:36 Husbandry
40:40 Plate Barding Armor
41:09 Conscription
41:52 Frontier Guards
Connection lost

Rejoining the realm…

Still unreachable

The connection could not be restored.

Session expired

The server has moved on; the page needs a fresh start.